 Dungeon Crawl Stone Soup version 0.22-a0-776-ge6d7efa (webtiles) character file.

1750 torrenera the Grappler (level 8, -9/75 HPs)
             Began as a Troll Earth Elementalist on July 18, 2018.
             Mangled by an orc warrior
             ... wielding a +0 battleaxe
              (17 damage)
             ... on level 6 of the Dungeon.
             The game lasted 00:12:31 (4943 turns).

torrenera the Grappler (Troll Earth Elementalist)   Turns: 4943, Time: 00:12:31

Health: -9/75      AC:  5    Str: 17 (19) XL:     8   Next: 78%
Magic:  8/8        EV:  9    Int: 10 (11) God:
Gold:   346        SH:  0    Dex:  8 (10) Spells: 8/9 levels left

rFire    . . .     SeeInvis .     - Unarmed
rCold    . . .     Gourm    +   (no shield)
rNeg     . . .     Faith    .   c - +0 robe
rPois    .         Spirit   .   (helmet restricted)
rElec    .         Reflect  .   (no cloak)
rCorr    .         Harm     .   (gloves unavailable)
MR       .....                  (boots unavailable)
Stlth    +.........             (no amulet)
HPRegen  0.62/turn              (no ring)
MPRegen  0.11/turn              (no ring)

@: no status effects
A: large, unfitting armour, claws 3, fast metabolism 3, gourmand, regeneration
1, shaggy fur 1, tough skin 2
a: no special abilities


You were on level 6 of the Dungeon.
You were very full.

You visited 1 branch of the dungeon, and saw 6 of its levels.

You collected 346 gold pieces.

Inventory:

Missiles
 b - 309 stones (quivered)
 v - 5 javelins
Armour
 c - a +0 robe (worn)
Magical Staves
 p - an uncursed staff of air {unknown}
Jewellery
 m - an uncursed amulet of magic regeneration {unknown}
Wands
 z - a wand of enslavement (12)
Scrolls
 a - 5 scrolls of enchant weapon {unknown}
 e - 3 scrolls of remove curse {unknown}
 f - 2 scrolls of fog {unknown}
 g - 8 scrolls of identify {unknown}
 i - 2 scrolls of blinking {unknown}
 n - 3 scrolls of enchant armour {unknown}
 o - 3 scrolls of amnesia {unknown}
 s - 4 scrolls of teleportation {unknown}
 t - a scroll of fear {unknown}
 w - a scroll of random uselessness {unknown}
Potions
 h - 2 potions of flight
 j - 2 potions of cancellation {unknown}
 k - a potion of lignification {unknown}
 q - 2 potions of brilliance
 r - a potion of degeneration
 u - a potion of agility {unknown}
 x - a potion of might {unknown}
Comestibles
 d - 15 rations


   Skills:
 * Level 3.5 Fighting
 - Level 1.5 Dodging
 - Level 1.0 Stealth
 + Level 10.3 Unarmed Combat
 - Level 1.2 Spellcasting
   Level 0.6 Transmutations
 - Level 2.6 Earth Magic


You had 8 spell levels left.
You knew the following spells:

 Your Spells              Type           Power        Failure   Level  Hunger
a - Sandblast             Erth           #.....       11%         1    ##.....

Your spell library contained the following spells:

 Spells                   Type           Power        Failure   Level  Hunger
 Stone Arrow              Conj/Erth      #.....       52%         3    ####...
 Passwall                 Tmut/Erth      #.......     26%         2    ###....
 Lee's Rapid Deconstruct  Erth           #.........   97%         5    ######.
 Petrify                  Tmut/Erth      #.......     86%         4    #####..


Dungeon Overview and Level Annotations

Branches:
Dungeon (6/15)
 Temple: D:4-7

Altars:
Gozag
Makhleb
Nemelex Xobeh
Ru
Sif Muna
Trog
Xom
The Shining One


Innate Abilities, Weirdness & Mutations

You are too large for most types of armour.
You have claws for hands.
Your metabolism is lightning-fast.
You like to eat raw meat.
Your natural rate of healing is unusually fast.
You are covered in fur. (AC +1)
You have very tough skin. (AC +2)


Message History

The orc warrior is severely wounded.
You scratch the orc warrior but do no damage.
The orc warrior is severely wounded.
The orc warrior hits you with a battleaxe!
* * * LOW HITPOINT WARNING * * *
You see here a tomahawk.
Found a scroll labeled IHINUD CILURR.
Found a quarterstaff.
The orc warrior hits you with a battleaxe!!
You claw the orc warrior!
The orc warrior is almost dead.
The orc warrior closely misses you.
You barely miss the orc warrior.
The orc warrior is almost dead.
You closely miss the orc warrior.
The orc warrior is almost dead.
The orc warrior hits you with a battleaxe!!
* * * LOW HITPOINT WARNING * * *
The orc warrior hits you with a battleaxe!
You die...

##......... ##......... .
### #........###
..##..########...........
...?..................#
..).....#####.......#.#
..##.......###...(....#
#..#.o#.###........#
#..##.@..##........## #..
###...#.)).)....### .....
.......[(..)....... ..#.#.
#######......#.#..#
#.....########).....#.##..
#.................###. ..
#..)...#####.......### .
#......# #.##....... ##.
#......#####......#..#


You could see an orc warrior.

Vanquished Creatures
  Duvessa (D:5)
  An ogre (D:5)
  2 ice beasts (D:5)
  A phantom (D:4)
  A centaur (D:5)
  A bullfrog (D:6)
  Dowan (D:5)
  A scorpion (D:4)
  2 crimson imps
  A quasit (D:5)
  A hound (D:4)
  A jelly (D:6)
  2 orc priests
  2 iguanas
  8 orc wizards
  8 worker ants
  A killer bee zombie (D:5)
  2 hound skeletons
  10 adders
  3 worms (D:2)
  2 dart slugs
  5 leopard geckos
  27 orcs
  11 bats
  3 giant cockroaches
  11 goblins
  5 hobgoblins
  24 jackals
  3 quokkas
  9 ball pythons
  7 frilled lizards
  A jackal skeleton (D:6)
  7 kobolds
  3 leopard gecko skeletons
  A quokka zombie (D:5)
  7 rats
176 creatures vanquished.

Vanquished Creatures (collateral kills)
  A howler monkey (D:6)
  2 orc wizards (D:6)
3 creatures vanquished.

Grand Total: 179 creatures vanquished

Notes
Turn   | Place    | Note
-------+----------+-------------------------------------------
     0 | D:1      | torrenera the Troll Earth Elementalist began the quest for the Orb.
     0 | D:1      | Reached XP level 1. HP: 16/16 MP: 1/1
   125 | D:1      | Reached skill level 1 in Unarmed Combat
   188 | D:1      | Reached XP level 2. HP: 24/24 MP: 2/2
   230 | D:1      | Reached skill level 2 in Unarmed Combat
   604 | D:1      | Reached XP level 3. HP: 31/31 MP: 3/3
   778 | D:2      | Reached skill level 3 in Unarmed Combat
   934 | D:2      | Reached XP level 4. HP: 32/40 MP: 4/4
   966 | D:2      | Found a deep blue altar of Sif Muna.
  1294 | D:2      | Found a glowing golden altar of the Shining One.
  1393 | D:3      | Reached skill level 4 in Unarmed Combat
  1422 | D:3      | Reached skill level 1 in Fighting
  1585 | D:3      | Reached XP level 5. HP: 48/48 MP: 5/5
  2287 | D:4      | Reached skill level 5 in Unarmed Combat
  2299 | D:4      | Noticed a phantom
  2344 | D:4      | Killed a phantom
  2344 | D:4      | Reached XP level 6. HP: 22/55 MP: 6/6
  2528 | D:4      | Reached skill level 6 in Unarmed Combat
  3169 | D:4      | Reached XP level 7. HP: 63/63 MP: 7/7
  3236 | D:5      | Entered Level 5 of the Dungeon
  3279 | D:5      | Reached skill level 7 in Unarmed Combat
  3291 | D:5      | Found a sacrificial altar of Ru.
  3430 | D:5      | Found a sparkling altar of Nemelex Xobeh.
  3504 | D:5      | Found an opulent altar of Gozag.
  3610 | D:5      | Reached skill level 8 in Unarmed Combat
  3637 | D:5      | Reached XP level 8. HP: 33/74 MP: 8/8
  3719 | D:5      | Found a bloodstained altar of Trog.
  3720 | D:5      | Found a shimmering altar of Xom.
  3792 | D:5      | Reached skill level 9 in Unarmed Combat
  3843 | D:5      | Found a burning altar of Makhleb.
  3867 | D:5      | Noticed Duvessa
  3868 | D:5      | Noticed Dowan
  3886 | D:5      | Killed Duvessa
  3889 | D:5      | Killed Dowan
  4487 | D:6      | Reached skill level 10 in Unarmed Combat
  4499 | D:6      | HP: 3/75 [orc wizard/dagger (2)]
  4936 | D:6      | HP: 3/75 [orc warrior/battleaxe (21)]
  4943 | D:6      | Mangled by an orc warrior

Vault maps used:
D:1:      nicolae_arrival_somewhat_less_tricky_arrival, minmay_pentomino_p4
D:2:      overflow_temple_1_default, lemuel_coloured_pillars_altar,
          serial_glass, glass_columns_a, glass_columns_a, glass_columns_a,
          glass_columns_a, glass_columns_a, glass_columns_a, glass_columns_a,
          glass_columns_b, glass_columns_b, glass_columns_b, glass_columns_a,
          glass_columns_a, glass_columns_a, glass_columns_b, item_on_display_a,
          due_unseen_surprise, minmay_misc_feat_square
D:3:      minmay_cupped
D:4:      first_ration, minmay_snake_closets
D:5:      nicolae_ru_awakened_eye, overflow_temple_1_default, minitemple,
          marbit_many_paths, serial_park_tiny_1, grunt_ministairs_2,
          nemelex_altar_shiori, uniq_duvessa

Skill      XL: |  1  2  3  4  5  6  7  8 |
---------------+-------------------------+-----
Unarmed Combat | 1 2 3 4 5 6 8 10 | 10.3
Fighting       | 1 2 3 |  3.5
Dodging        | |  1.5
Stealth        | |  1.0
Spellcasting   | |  1.2
Transmutations | |  0.6
Earth Magic    | |  2.6

Action                   |  1- 3 |  4- 6 |  7- 9 || total
-------------------------+-------+-------+-------++-------
Melee: Unarmed           |   151 |   209 |   211 ||   571
       Punch             |       |     1 |     7 ||     8
Throw: Stone             |       |     4 |     6 ||    10
       Javelin           |       |       |    14 ||    14
       Tomahawk          |       |       |     4 ||     4
Evoke: Wand              |       |       |     2 ||     2
  Use: Potion            |       |       |     5 ||     5
 Stab: Sleeping          |     1 |     3 |     1 ||     5
  Eat: Chunk             |    14 |    21 |    14 ||    49
Armor: Robe              |    70 |    60 |    58 ||   188
Dodge: Dodged            |   107 |   110 |    96 ||   313

Table legend:
 A = Spawn XP
 B = Non-spawn XP
 C = Spawn XP percentage of total XP
 D = Spawn monster count
 E = Non-spawn monster count
 F = Spawn count percentage of total count
 G = Total turns spent on level
                    A         B        C        D         E        F      G
               +---------+---------+-------+---------+---------+-------+---------
         Total |       0 |    2500 |   0.0 |       0 |     179 |   0.0 |  4943
               +---------+---------+-------+---------+---------+-------+---------
           D:1 |       0 |      45 |   0.0 |       0 |      26 |   0.0 |   745
           D:2 |       0 |      98 |   0.0 |       0 |      37 |   0.0 |   640
           D:3 |       0 |      87 |   0.0 |       0 |      16 |   0.0 |   878
           D:4 |       0 |     554 |   0.0 |       0 |      37 |   0.0 |   973
           D:5 |       0 |    1163 |   0.0 |       0 |      36 |   0.0 |  1192
           D:6 |       0 |     553 |   0.0 |       0 |      27 |   0.0 |   515
               +---------+---------+-------+---------+---------+-------+---------
